 Dungeon Crawl Stone Soup version 0.21-a0-84-g85d6d27 (webtiles) character file.

12181 zhorgal the Slicer (level 11, -2/56 HPs)
             Began as a Vine Stalker Fighter on June 24, 2017.
             Was a Believer of Uskayaw.
             Succumbed to Sonja's curare-tipped needle
             ... on level 1 of the Lair of Beasts.
             The game lasted 00:33:21 (9109 turns).

zhorgal the Slicer (Vine Stalker Fighter)           Turns: 9109, Time: 00:33:21

Health: -2/56      AC: 17    Str: 23    XL:     11   Next: 89%
Magic:  6/21       EV: 10    Int: 12    God:    Uskayaw [**....]
Gold:   477        SH: 10    Dex: 18    Spells: 10/10 levels left

rFire    . . .     SeeInvis .   b - +4 dagger of Analysis {flame, rElec Int+4}
rCold    . . .     Gourm    +   c - +0 shield
rNeg     . . .     Faith    .   x - +0 chain mail
rPois    .         Spirit   +   g - +0 helmet
rElec    +         Reflect  .   P - +1 cloak {+Inv}
rCorr    .         Harm     .   t - +2 pair of gloves
MR       +....                  (no boots)
Stlth    ..........             i - amulet of the gourmand
HPRegen  0.58/turn              n - ring of magical power
MPRegen  0.17/turn              G - +2 ring of protection

@: agile, lethally poisoned (-2 -> -51), slowed, very heavily drained, very slow
A: fangs 3, regeneration 1, magic shield, antimagic bite, no potion heal 3, rot
immunity
a: Stomp, Line Pass, Renounce Religion, Evoke Invisibility


You were on level 1 of the Lair of Beasts.
You worshipped Uskayaw.
Uskayaw was noncommittal.
You were completely stuffed.

You visited 3 branches of the dungeon, and saw 11 of its levels.

You collected 499 gold pieces.
You spent 22 gold pieces at shops.

Inventory:

Hand Weapons
 a - a +0 rapier
 b - the +4 dagger of Analysis (weapon) {flame, rElec Int+4}
   (You found it on level 7 of the Dungeon)

   It has been specially enchanted to burn those struck by it, causing extra
   injury to most foes and up to half again as much damage against particularly
   susceptible opponents.
   It affects your intelligence (+4).
   It insulates you from electricity.
 J - a +2 hunting sling of freezing
 S - a +3 dagger of chaos
Missiles
 v - 13 tomahawks (quivered)
 K - 49 sling bullets
Armour
 c - a +0 shield (worn)
 g - a +0 helmet (worn)
 t - a +2 pair of gloves (worn)
 x - a +0 chain mail (worn)
 L - a +1 chain mail of cold resistance
 P - a +1 cloak of invisibility (worn)
Jewellery
 i - an amulet of the gourmand (around neck)
 n - a ring of magical power (left hand)
 y - an uncursed ring of resist corrosion
 G - a +2 ring of protection (right hand)
Wands
 R - a wand of flame (20/48)
Scrolls
 h - 4 scrolls of remove curse
 j - 5 scrolls of fog {unknown}
 q - 7 scrolls of teleportation {unknown}
 s - 4 scrolls of immolation {unknown}
 w - 7 scrolls of identify
 A - 2 scrolls of enchant armour {unknown}
 D - 3 scrolls of blinking {unknown}
 E - a scroll of noise {unknown}
 H - 2 scrolls of enchant weapon {unknown}
 M - a scroll of fear {unknown}
 O - a scroll of holy word {unknown}
 Q - a scroll of amnesia {unknown}
Potions
 d - 3 potions of might
 e - 3 potions of curing {unknown}
 l - 2 potions of heal wounds {unknown}
 o - a potion of cancellation {unknown}
 p - 3 potions of brilliance {unknown}
 r - 2 potions of haste {unknown}
 u - 2 potions of berserk rage
 z - a potion of lignification {unknown}
 C - 2 potions of flight {unknown}
 N - a potion of magic {unknown}
Books
 I - the Collected Works on the Shifting Glacier
   (You found it on level 8 of the Dungeon)

   Spells                             Type                      Level
   a - Freeze                         Ice                          1
   b - Spider Form                    Transmutation/Poison         3
   c - Throw Icicle                   Conjuration/Ice              4
   d - Ice Form                       Ice/Transmutation            4
Comestibles
 f - 5 bread rations
 k - 4 meat rations
 B - 10 fruits
 F - a royal jelly
 T - 39 chunks of flesh


   Skills:
 + Level 6.1(2.9) Fighting
 + Level 13.8(9.9) Short Blades
 + Level 5.5(2.3) Armour
 + Level 6.1(2.9) Shields


You had 10 spell levels left.
You didn't know any spells.

Dungeon Overview and Level Annotations

Branches:
Dungeon (9/15)             Temple (1/1) D:6            Lair (1/6) D:9
    Orc: D:9-12

Altars:
Ashenzari
Dithmenos
Elyvilon
Hepliaklqana
Kikubaaqudgha
Makhleb
Nemelex Xobeh
Okawaru
Ru
Sif Muna
Trog
Uskayaw
Wu Jian
Xom
Yredelemnul
Zin
The Shining One

Shops:
D:4 [%*=[   D:5 (}(   D:7 [

Annotations:
Lair:1 exclusion: oklob plant, Sonja


Innate Abilities, Weirdness & Mutations

You have razor-sharp teeth.
Your natural rate of healing is unusually fast.
When hurt, damage is shared between your health and your magic reserves.
Your bite disrupts and absorbs the magic of your enemies.
Potions cannot restore your health.
You are immune to rotting.


Message History

You have difficulty breathing.
* * * LOW HITPOINT WARNING * * *
You feel as though you will be slow longer.
You see here a curare-tipped needle.
You take 6 damage, and have 15/56 hp.
You now have 10/21 mp.
Okay, then.
You feel agile all of a sudden.
* * * LOW HITPOINT WARNING * * *
You feel extremely sick.
Sonja shoots a curare-tipped needle.
The curare-tipped needle hits you.
You are more poisoned.
You have difficulty breathing.
* * * LOW HITPOINT WARNING * * *
You feel as though you will be slow longer.
Sonja shoots a curare-tipped needle.
The curare-tipped needle barely misses you.
Some of the chunks of flesh in your inventory have rotted away.
Uskayaw will no longer force your foes to helplessly watch your dance.
You take 10 damage, and have 5/56 hp.
You now have 5/21 mp.
You die...

... ..............
... ............#
... ......K....# .
.?........#.
##...........
##........♣...
##.........%%%.
#..>..(........
##..÷.@#........
##..÷.(#(♣)......
##...)÷##.(%.....8
##
#....##♣.♣.....%..
.### ###.÷.P#
#♣.....8...
...####...÷###
......%...
.....##...##
.....%8...!
.........##
#......%%...
........##
#.♣....%%...


You could see Sonja.

Vanquished Creatures
  The ghost of Qrupt the Destroyer, a novice HuIE (D:8)
  An oklob plant (D:9)
  Pikel (D:9)
  A faun (Lair:1)
  Joseph (D:7)
  Maurice (D:8)
  Psyche (D:9)
  4 spiny frogs (Lair:1)
  A komodo dragon (Lair:1)
  A troll (D:9)
  Prince Ribbit (D:9)
  A hippogriff (D:9)
  The ghost of bohran the Sneak, an amateur KoHu (D:4)
  Sigmund (D:3)
  5 yaks (D:9)
  A yak (shapeshifter) (D:8)
  A basilisk (Lair:1)
  2 hell hounds (D:9)
  A water moccasin (Lair:1)
  2 porcupines (Lair:1)
  3 orc warriors (D:7)
  An ice beast (D:9)
  A sky beast (D:9)
  A necrophage (D:7)
  A phantom (D:6)
  27 wolves (Lair:1)
  7 ogres
  3 centaurs
  A crocodile (Lair:1)
  A big kobold (D:7)
  3 bullfrogs
  A gnoll sergeant (D:6)
  2 scorpions
  14 killer bees
  3 crimson imps
  2 hounds (D:7)
  A quasit (D:9)
  2 centaur zombies
  An orc priest (D:7)
  8 orc wizards
  4 worker ants
  A hound zombie (D:5)
  Robin (D:3)
  A howler monkey skeleton (D:8)
  15 gnolls
  9 adders
  A shadow imp (D:5)
  An ooze (D:3)
  An adder zombie (D:5)
  7 worms
  4 dart slugs
  4 leopard geckos
  33 orcs
  A bat zombie (D:2)
  8 giant cockroaches
  15 goblins
  12 hobgoblins
  10 jackals
  9 kobolds
  3 quokkas
  6 bats
  5 frilled lizards
  A leopard gecko skeleton (D:5)
  2 quokka zombies
  8 rats
274 creatures vanquished.

Vanquished Creatures (others)
  4 slaves (D:9)
  A killer bee (D:9)
  An orc wizard (D:7)
  A frilled lizard (D:5)
  2 fungi (Lair:1)
  A plant (Lair:1)
10 creatures vanquished.

Grand Total: 284 creatures vanquished

Notes
Turn   | Place    | Note
-------+----------+-------------------------------------------
     0 | D:1      | zhorgal the Vine Stalker Fighter began the quest for the Orb.
     0 | D:1      | Reached XP level 1. HP: 11/11 MP: 2/2
    34 | D:1      | Reached skill level 2 in Short Blades
   113 | D:1      | Reached XP level 2. HP: 16/16 MP: 3/3
   253 | D:1      | Reached skill level 3 in Short Blades
   296 | D:1      | Reached XP level 3. HP: 18/19 MP: 4/4
   969 | D:2      | Found a glowing golden altar of the Shining One.
  1251 | D:2      | Gained mutation: Your natural rate of healing is unusually fast. [Vine Stalker growth]
  1251 | D:2      | Reached XP level 4. HP: 23/23 MP: 5/5
  1348 | D:2      | Found an ancient bone altar of Kikubaaqudgha.
  1463 | D:2      | Reached skill level 4 in Short Blades
  1525 | D:2      | Found a shadowy altar of Dithmenos.
  1959 | D:3      | Found an iron altar of Okawaru.
  2042 | D:3      | Noticed Sigmund
  2055 | D:3      | Killed Sigmund
  2055 | D:3      | Reached skill level 5 in Short Blades
  2055 | D:3      | Reached XP level 5. HP: 24/27 MP: 6/6
  2055 | D:3      | Reached XP level 6. HP: 28/32 MP: 7/7
  2199 | D:3      | Reached skill level 6 in Short Blades
  2633 | D:3      | Noticed Robin
  2636 | D:3      | Killed Robin
  3013 | D:3      | Found a sparkling altar of Nemelex Xobeh.
  3221 | D:4      | Found Ereavvay's General Store.
  3225 | D:4      | Found Woqy's Food Boutique.
  3229 | D:4      | Bought a scroll of identify for 22 gold pieces
  3251 | D:4      | Noticed bohran's ghost (amateur KoHu)
  3263 | D:4      | Killed bohran's ghost
  3263 | D:4      | Reached skill level 7 in Short Blades
  3263 | D:4      | Reached XP level 7. HP: 34/35 MP: 8/8
  3308 | D:4      | Found Fop Wuve's Antique Armour Emporium.
  3448 | D:4      | Found Gakleb's Antique Armour Emporium.
  3581 | D:4      | Found Dustuc's Jewellery Shoppe.
  3705 | D:5      | Entered Level 5 of the Dungeon
  3780 | D:5      | Found Tidd's Antique Weapon Emporium.
  3918 | D:5      | Found Hadwocuh's Weapon Shoppe.
  4146 | D:5      | Reached skill level 8 in Short Blades
  4448 | D:5      | Found Oplut's Gadget Shoppe.
  4715 | D:6      | You fall through a shaft!
  4715 | D:7      | Found Toeduq's Armour Shoppe.
  4742 | D:7      | Got a scorched dagger
  4743 | D:7      | Identified the +4 dagger of Analysis {flame, rElec Int+4} (You found it on level 7 of the Dungeon)
  4762 | D:7      | Gained mutation: You have razor-sharp teeth. [Vine Stalker growth]
  4762 | D:7      | Reached XP level 8. HP: 37/39 MP: 9/9
  4778 | D:7      | Noticed Joseph
  4810 | D:7      | Killed Joseph
  4810 | D:7      | Reached skill level 9 in Short Blades
  4990 | D:7      | Reached skill level 10 in Short Blades
  5050 | D:7      | Reached XP level 9. HP: 38/43 MP: 10/10
  5196 | D:7      | Found a deep blue altar of Sif Muna.
  5250 | D:7      | Reached skill level 11 in Short Blades
  6102 | D:6      | Found a staircase to the Ecumenical Temple.
  6108 | Temple   | Entered the Ecumenical Temple
  6116 | Temple   | Became a worshipper of Uskayaw the Reveler
  6176 | D:6      | Reached * piety under Uskayaw
  6177 | D:6      | Reached ** piety under Uskayaw
  6202 | D:6      | Reached *** piety under Uskayaw
  6203 | D:6      | Reached skill level 12 in Short Blades
  6253 | D:6      | Found a burning altar of Makhleb.
  6611 | D:8      | Noticed Maurice
  6615 | D:8      | Noticed Qrupt's ghost (novice HuIE)
  6623 | D:8      | Killed Qrupt's ghost
  6623 | D:8      | Reached XP level 10. HP: 37/47 MP: 11/11
  6623 | D:8      | Reached **** piety under Uskayaw
  6624 | D:8      | Killed Maurice
  6626 | D:8      | Reached ***** piety under Uskayaw
  6627 | D:8      | Reached skill level 13 in Short Blades
  7201 | D:8      | Identified the Collected Works on the Shifting Glacier
  7347 | D:9      | Found a staircase to the Lair.
  7397 | D:9      | Noticed Pikel
  7440 | D:9      | Killed Pikel
  7559 | D:9      | Noticed Prince Ribbit
  7569 | D:9      | Killed Prince Ribbit
  7801 | D:9      | Found a bloodstained altar of Trog.
  7904 | D:9      | Reached XP level 11. HP: 49/54 MP: 12/12
  7967 | D:9      | Found an ancient bone altar of Kikubaaqudgha.
  7967 | D:9      | Noticed an oklob plant
  8211 | D:9      | Noticed Psyche
  8225 | D:9      | Killed Psyche
  8251 | D:9      | Killed an oklob plant
  8370 | D:9      | Found a hazy altar of Hepliaklqana.
  8443 | D:9      | Reached skill level 5 in Fighting
  8460 | Lair:1   | Entered Level 1 of the Lair of Beasts
  8529 | Lair:1   | Reached skill level 5 in Shields
  8552 | Lair:1   | Reached ****** piety under Uskayaw
  8746 | Lair:1   | Noticed an oklob plant
  8856 | Lair:1   | Noticed a faun
  8877 | Lair:1   | Killed a faun
  8877 | Lair:1   | Reached skill level 5 in Armour
  9064 | Lair:1   | Noticed Sonja
  9109 | Lair:1   | Succumbed to Sonja's curare-tipped needle

Vault maps used:
D:1:      lightli_arrival_noodles
D:2:      lemuel_zombie_altar_kikubaaqudgha, overflow_temple_1_default,
          lemuel_doored_altar, hangedman_decor_slide_cut
D:3:      okawaru_trees_1, nemelex_dance_club_becter, uniq_sigmund, uniq_robin
D:4:      serial_shops, kennysheep_mini, shop, shop_fountains,
          nicolae_shop_statue_plus, shop, first_bread, kennysheep_generic_room_8
D:5:      serial_shops, kennysheep_mini_moat, nicolae_shop_stone, shop,
          minmay_misc_feat_ornament, lemuel_flamethrower_2
D:6:      minmay_temple_entry_enclosed_plants, bloody_makhleb
D:7:      led_sif_pool, serial_shops, shop, uniq_joseph
D:8:      uniq_maurice
D:9:      lightli_temple_of_fire, marbit_many_paths, minmay_lair_entry_lava,
          lemuel_oklob_altar, uniq_prince_ribbit1, uniq_pikel, uniq_psyche
Temple:   eino_narrow_crystal_temple
Lair:1:   fungi_pond_lemuel, grunt_forest_large_clearings,
          minmay_lair_oklob_chamber, grunt_megastairs_4, uniq_sonja,
          uniq_gastronok

Skill      XL: |  1  2  3  4  5  6  7  8  9 10 11 |
---------------+----------------------------------+-----
Short Blades   | 2 3 5 7 8 10 12 13 | 13.8
Shields        | 4 6 |  6.1
Fighting       | 4 6 |  6.1
Armour         | 3 5 |  5.5

Action                   |  1- 3 |  4- 6 |  7- 9 | 10-12 || total
-------------------------+-------+-------+-------+-------++-------
Melee: Rapier            |   105 |   195 |    83 |       ||   383
       Bite              |    19 |    58 |   141 |   120 ||   338
       Dagger            |       |       |   310 |   396 ||   706
Invok: Line Pass         |       |       |       |     3 ||     3
       Stomp             |       |       |       |     1 ||     1
Evoke: Wand              |       |       |       |     2 ||     2
  Use: Scroll            |       |       |       |     2 ||     2
       Potion            |       |       |       |     1 ||     1
 Stab: Paralysed         |       |       |     2 |    16 ||    18
  Eat: Chunk             |     1 |    28 |    11 |     9 ||    49
Armor: Scale mail        |    56 |    39 |       |       ||    95
       Chain mail        |       |    29 |   105 |   171 ||   305
Dodge: Dodged            |    24 |    22 |    43 |    64 ||   153
Block: Shield            |    61 |    63 |   102 |   161 ||   387
